Map: 카이로스 정션 - 래더

Players

INnoVation - Winner!

  • Race: Terran Terran
  • League: Grandmaster
  • Spawn Location: 5:00

Has

  • Race: Protoss Protoss
  • League: Master
  • Spawn Location: 11:00

Event: IEM Season 13 - Katowice Server Qualifiers America

VOD

Have the link to the VOD?

Description

Time

  • Played on: Jan. 6, 2019, 4:17 p.m.
  • Length: 6:45

All games in this series

Show
View Real Time Build Order
Export as new Build Order

INnoVation Terran - Winner!

Build Orders: Cyclone Opening 

Get SALT Encoding   

  12  0:00  SCV  
  13  0:12  SCV  
  14  0:16  Supply Depot  
  14  0:24  SCV  
  15  0:38  Barracks, SCV  
  16  0:44  Refinery  
  16  0:50  SCV  
  16  0:54  Refinery  
  17  1:02  SCV  
  18  1:14  SCV  
  19  1:25  Reaper  
  20  1:26  Orbital Command  
  20  1:37  Supply Depot  
  20  1:41  Factory  
  20  1:52  SCV  
  21  2:04  SCV  
  22  2:15  Command Center  
  22  2:17  SCV  
  22  2:20  Barracks Reactor  
  23  2:24  Factory Tech Lab  
  23  2:29  SCV  
  23  2:43  SCV, Supply Depot, Cyclone  
  27  2:51  Command Center  
  27  2:54  Mag-Field Accelerator  
  27  3:00  Marine x2  
  29  3:09  SCV  
  30  3:15  Cyclone  
  30  3:18  Supply Depot  
  33  3:26  Marine x2  
  35  3:31  Starport  
  35  3:34  SCV  
  36  3:45  Marine  
  36  3:47  Marine, Cyclone  
  41  3:50  SCV  
  42  4:02  SCV  
  43  4:04  Marine  
  43  4:05  Marine  
  43  4:08  Medivac  
  47  4:15  SCV  
  48  4:20  Siege Tank  
  48  4:22  Orbital Command  
  51  4:29  Marine  
  51  4:30  Marine  
  53  4:31  SCV  
  53  4:37  Supply Depot  
  54  4:47  Marine x2  
  54  4:49  Bunker  
  54  4:53  Siege Tank  
  54  4:59  SCV x2  
  57  5:07  Medivac  
  57  5:08  Marine x2  
  57  5:11  SCV x2  
  63  5:17  Supply Depot  
  63  5:25  Marine x2, Siege Tank  
  68  5:29  SCV x2  
  68  5:32  Supply Depot  
  67  5:41  SCV x2  
  69  5:43  Marine x2  
  69  5:45  Viking  
  73  5:53  SCV x2  
  75  5:58  Siege Tank  
  75  5:59  Supply Depot  
  75  6:01  Marine x2  
  79  6:09  SCV x2  
  81  6:14  Supply Depot  
  81  6:19  Marine x2  
  81  6:23  SCV x2  
Show
View Real Time Build Order
Export as new Build Order

Has Protoss 

Build Orders: Phoenix Opening, Mass Phoenix 

Get SALT Encoding   

  12  0:00  Probe  
  13  0:12  Probe  
  14  0:17  Pylon  
  14  0:25  Probe  
  15  0:34  Probe  
  15  0:36  Gateway  
  15  0:42  Probe  
  16  0:47  Assimilator  
  17  0:51  Probe  
  17  0:55  Assimilator  
  18  0:59  Probe  
  19  1:07  Probe  
  20  1:18  Probe  
  20  1:23  Cybernetics Core  
  21  1:30  Pylon  
  22  1:35  Zealot  
  23  1:48  Probe  
  23  1:53  Adept  
  24  1:59  Stargate  
  24  2:00  Probe  
  25  2:04  Warp Gate  
  27  2:26  Adept  
  29  2:36  Nexus  
  29  2:48  Phoenix  
  31  2:53  Pylon  
  31  3:05  Phoenix  
  31  3:11  Gateway  
  33  3:28  Phoenix  
  33  3:34  Gateway  
  33  3:44  Phoenix  
  35  4:06  Stalker x2, Pylon  
  39  4:12  Phoenix  
  41  4:32  Stalker x2  
  45  4:38  Stalker  
  47  4:50  Probe  
  48  4:58  Probe, Phoenix  
  47  5:02  Probe  
  50  5:10  Probe  
  51  5:14  Probe  
  52  5:22  Probe, Phoenix  
  52  5:26  Pylon  
  52  5:27  Probe  
  56  5:34  Probe  
  57  5:39  Probe  
  57  5:40  Phoenix  
  56  5:46  Probe  
  59  5:52  Probe  
  59  5:55  Pylon  
  60  5:59  Probe, Adept x2  
  65  6:07  Adept  
  65  6:20  Adept x2  
  71  6:27  Probe x2  
  71  6:29  Adept  

Tags
 
Add a new tag
Caveats
  • Supply blocks, unpowered buildings, or Contaminate may cause inaccurate times.
  • Supply counts are checked every 10 seconds.